Map: [ESL] Moondance

Players

Future

  • Race: Terran Terran
  • Spawn Location: 12:00

Nina - Winner!

  • Race: Protoss Protoss
  • Spawn Location: 6:00

Event: DreamHack SC2 Masters 2022 Atlanta (Online)

VOD

Have the link to the VOD?

Description

Time

  • Played on: Oct. 6, 2022, 3:49 p.m.
  • Length: 16:53

All games in this series

Show
View Real Time Build Order
Export as new Build Order

Future Terran 

Build Orders:  

Get SALT Encoding   

  12  0:00  SCV  
  13  0:12  SCV  
  14  0:18  Supply Depot  
  14  0:24  SCV  
  15  0:39  SCV, Barracks  
  16  0:45  Refinery  
  16  0:51  SCV  
  16  0:55  Refinery  
  17  1:03  SCV  
  18  1:16  SCV  
  19  1:26  Reaper  
  19  1:28  Orbital Command  
  20  1:33  Supply Depot  
  20  1:43  Bunker  
  20  1:50  Factory  
  20  1:54  SCV  
  20  2:06  SCV  
  20  2:07  Reaper  
  21  2:18  SCV  
  22  2:27  Command Center  
  22  2:30  SCV  
  22  2:36  Hellion  
  25  2:42  SCV  
  26  2:51  Starport  
  26  2:54  SCV  
  27  3:00  Widow Mine  
  29  3:06  SCV  
  29  3:08  Supply Depot  
  30  3:19  SCV  
  31  3:29  Medivac  
  31  3:30  Barracks Reactor, Widow Mine  
  36  3:34  SCV  
  36  3:40  Orbital Command  
  33  3:46  SCV  
  34  3:53  Widow Mine  
  35  3:58  SCV, Bunker  
  38  4:03  Starport Tech Lab  
  38  4:06  Marine, Orbital Command  
  38  4:07  Marine  
  38  4:10  SCV  
  38  4:14  Factory Tech Lab  
  38  4:15  Supply Depot  
  39  4:22  SCV, Raven  
  42  4:24  Refinery, Marine  
  42  4:25  Marine  
  44  4:31  Barracks  
  44  4:33  SCV  
  44  4:34  SCV  
  46  4:41  Siege Tank  
  46  4:44  Marine x2  
  51  4:49  SCV  
  51  4:52  SCV  
  51  4:56  Supply Depot  
  51  5:01  SCV  
  51  5:02  Marine x2  
  51  5:04  SCV  
  55  5:08  Barracks  
  55  5:13  SCV  
  56  5:15  Siege Tank, Starport Reactor  
  56  5:16  SCV  
  56  5:19  Supply Depot  
  60  5:23  Marine  
  60  5:25  SCV  
  60  5:28  SCV, Marauder, Marine  
  65  5:32  Stimpack  
  64  5:37  SCV  
  64  5:40  SCV  
  64  5:41  Refinery  
  64  5:42  Supply Depot  
  66  5:46  Supply Depot  
  66  5:48  Marine  
  69  5:50  Marauder, Marine  
  69  5:54  SCV  
  69  5:55  SCV  
  69  5:57  Supply Depot  
  72  6:04  Factory Reactor  
  72  6:05  Marauder  
  72  6:09  Marine x2  
  72  6:11  SCV, Marauder  
  79  6:14  Supply Depot  
  79  6:15  Combat Shield  
  77  6:26  SCV x2, Marauder  
  77  6:28  Supply Depot  
  77  6:29  Marine  
  77  6:31  Engineering Bay  
  84  6:32  Marauder  
  84  6:34  Medivac  
  86  6:44  Marine  
  86  6:46  Marine  
  87  6:47  Marauder  
  87  6:49  Widow Mine  
  87  6:50  Widow Mine  
  87  6:54  Marauder  
  91  6:56  Medivac  
  93  7:06  Terran Infantry Weapons Level 1  
  93  7:07  Supply Depot  
  93  7:08  Marine x2  
  88  7:09  Marauder  
  88  7:10  Medivac  
  88  7:11  Widow Mine x2  
  96  7:19  Marauder  
  98  7:26  Command Center  
  92  7:30  Marauder  
  92  7:32  Marine  
  92  7:33  Marine  
  92  7:34  Widow Mine  
  85  7:38  Widow Mine  
  85  7:40  Marauder  
  86  7:45  Medivac  
  86  7:52  Marauder  
  86  7:55  Widow Mine  
  86  7:59  Widow Mine  
  86  8:02  Marauder  
  86  8:03  Marine x2  
  88  8:12  Barracks  
  88  8:13  Barracks, Marauder  
  88  8:17  Medivac x2  
  88  8:19  Widow Mine  
  96  8:21  Widow Mine, Marine  
  96  8:23  Marauder  
  96  8:26  SCV x2  
  103  8:32  Marine  
  104  8:34  Marauder  
  104  8:37  Orbital Command  
  104  8:38  SCV x2  
  104  8:39  Marine  
  109  8:45  Marauder  
  109  8:46  Widow Mine  
  109  8:47  Viking x2  
  117  8:50  SCV x2  
  117  8:51  Widow Mine  
  121  8:56  Marauder  
  121  9:00  Marine  
  121  9:01  Marine  
  121  9:02  SCV  
  124  9:06  Marauder  
  124  9:08  Barracks Reactor  
  124  9:15  Supply Depot, Refinery, Barracks Tech Lab  
  124  9:16  Supply Depot x2  
  124  9:17  Marauder  
  124  9:21  Widow Mine x2  
  124  9:22  Marine x2  
  130  9:30  Marauder  
  130  9:31  Terran Infantry Armor Level 1  
  130  9:38  Marauder  
  130  9:39  Marauder  
  130  9:40  Marine  
  130  9:41  Ghost Academy, Marine  
  136  9:47  Supply Depot  
  136  9:48  Widow Mine  
  136  9:49  Widow Mine  
  136  9:51  Marauder  
  136  9:52  Viking  
  142  10:02  Marauder, Marine  
  142  10:03  Marauder  
  142  10:05  Viking  
  142  10:06  Marine  
  142  10:07  Marine  
  105  10:24  Marauder x3, Marine x2  
  105  10:25  Marine  
  105  10:26  Marine  
  105  10:27  Widow Mine x2  
  101  10:30  Viking  
  101  10:35  Viking  
  101  10:38  Enhanced Shockwaves  
  103  10:43  Marine x2  
  103  10:46  Marine x2, Ghost  
  103  10:49  Ghost  
  111  10:53  Ghost  
  111  10:55  Widow Mine  
  111  10:56  Widow Mine  
  117  11:01  Marine x2  
  119  11:04  Marine  
  119  11:06  Viking x2  
  124  11:16  Marauder  
  132  11:18  Widow Mine x2, Marauder  
  132  11:21  Marine x2  
  132  11:23  Marauder  
  136  11:30  Marine  
  137  11:33  Marine  
  137  11:36  Viking  
  137  11:37  Marauder  
  137  11:38  Viking  
  146  11:40  Marauder  
  146  11:41  Marine x2  
  146  11:44  Marauder  
  150  11:49  Command Center  
  150  11:50  Marine  
  151  11:57  Marine  
  151  11:59  Marauder  
  154  12:05  Viking  
  154  12:08  Viking  
  158  12:09  Ghost x2  
  158  12:13  Marine x2  
  158  12:14  Marine  
  165  12:20  Armory  
  165  12:22  Engineering Bay  
  165  12:23  Marine  
  166  12:34  Marauder, Marine  
  167  12:37  Supply Depot  
  167  12:40  Supply Depot  
  167  12:42  Medivac x2  
  171  12:45  Marine x2  
  173  12:51  Missile Turret  
  173  12:52  Marine  
  173  12:56  Missile Turret  
  174  13:01  Missile Turret  
  161  13:12  Marauder  
  143  13:13  Marauder x2, Marine x4  
  142  13:30  SCV x3, Marine  
  142  13:34  Marauder x2  
  150  13:35  Marine  
  150  13:36  Marauder, Marine  
  154  13:41  Missile Turret  
  153  13:55  Widow Mine, Marauder x2  
  157  14:08  Missile Turret  
  155  14:12  Marauder  
  155  14:16  Marauder  
  159  14:19  Marauder, Marine  
  162  14:24  Widow Mine  
  162  14:27  Marine x2  
  166  14:33  Marauder  
  144  14:41  Marauder x2  
  144  14:43  Marine  
  130  14:46  Widow Mine  
  130  14:49  Marine x2  
  111  14:55  Marauder, Marine  
  108  15:01  Planetary Fortress, Marine  
  108  15:02  Marauder x2  
  113  15:07  Marine  
  113  15:08  Marine  
  113  15:11  Viking  
  115  15:15  Viking  
  115  15:16  Marauder  
  115  15:18  Marine  
  115  15:19  Marine  
  121  15:23  Marauder  
  121  15:25  Widow Mine x2  
  127  15:31  Marauder  
  127  15:33  Marine  
  127  15:35  Marine  
  131  15:37  Marauder  
  131  15:41  Viking  
  132  15:45  Viking, Marauder, Marine  
  132  15:46  Marine  
  138  15:54  Marauder, Marine  
  141  15:57  Marine  
  141  15:59  Marauder  
  141  16:03  Marine  
  145  16:06  Ghost  
  145  16:08  Marine  
  148  16:15  Ghost  
  148  16:19  Ghost  
  148  16:20  Marine x2  
Show
View Real Time Build Order
Export as new Build Order

Nina Protoss - Winner!

Build Orders: 1 Gate Expand, Blink Stalkers 

Get SALT Encoding   

  12  0:00  Probe  
  13  0:12  Probe  
  14  0:18  Pylon  
  14  0:24  Probe  
  15  0:36  Probe (Chrono Boost), Gateway  
  16  0:47  Probe (Chrono Boost)  
  16  0:48  Assimilator  
  17  0:52  Probe (Chrono Boost)  
  18  1:03  Probe  
  19  1:15  Probe  
  20  1:26  Zealot  
  20  1:27  Cybernetics Core  
  22  1:40  Nexus  
  22  1:47  Pylon  
  22  1:52  Probe  
  23  2:03  Stalker (Chrono Boost)  
  25  2:09  Probe  
  25  2:12  Warp Gate  
  25  2:14  Assimilator  
  25  2:21  Probe  
  26  2:26  Stalker (Chrono Boost)  
  28  2:33  Probe  
  29  2:45  Probe  
  30  2:55  Twilight Council  
  30  2:58  Probe (Chrono Boost)  
  31  3:00  Probe (Chrono Boost)  
  31  3:06  Robotics Facility  
  31  3:09  Probe (Chrono Boost)  
  31  3:12  Probe (Chrono Boost)  
  33  3:17  Shield Battery  
  33  3:18  Probe  
  34  3:25  Probe  
  35  3:33  Probe  
  33  3:38  Probe  
  33  3:40  Gateway  
  33  3:46  Probe  
  34  3:50  Probe (Chrono Boost), Blink (Chrono Boost)  
  35  3:57  Observer  
  35  4:02  Probe (Chrono Boost)  
  38  4:03  Probe (Chrono Boost)  
  38  4:06  Stalker  
  38  4:09  Probe (Chrono Boost)  
  40  4:12  Probe (Chrono Boost)  
  40  4:15  Pylon  
  42  4:17  Probe (Chrono Boost)  
  42  4:20  Observer  
  45  4:25  Gateway  
  45  4:28  Probe (Chrono Boost)  
  45  4:29  Probe (Chrono Boost)  
  46  4:36  Stalker  
  48  4:44  Probe  
  49  4:48  Probe  
  50  4:56  Probe  
  51  5:00  Probe  
  51  5:03  Pylon  
  52  5:11  Pylon  
  52  5:13  Assimilator  
  52  5:16  Probe  
  52  5:17  Probe  
  52  5:21  Stalker  
  56  5:31  Stalker x2  
  56  5:32  Probe (Chrono Boost)  
  61  5:38  Probe (Chrono Boost)  
  60  5:44  Probe (Chrono Boost)  
  62  5:50  Charge (Chrono Boost), Probe (Chrono Boost)  
  62  5:54  Nexus  
  62  5:57  Observer  
  62  5:59  Sentry, Probe  
  65  6:07  Gateway x2  
  65  6:11  Gateway  
  65  6:16  Sentry  
  67  6:20  Probe  
  67  6:22  Pylon  
  68  6:29  Sentry  
  68  6:30  Gateway, Pylon  
  70  6:33  Observer, Pylon  
  70  6:39  Probe  
  70  6:44  Stalker x2  
  74  6:49  Probe  
  74  6:53  Immortal (Chrono Boost)  
  75  6:58  Probe  
  80  7:03  Zealot x2  
  80  7:05  Zealot  
  80  7:06  Probe x2  
  88  7:10  Probe  
  88  7:12  Zealot  
  91  7:18  Zealot x2  
  95  7:29  Zealot x4  
  97  7:30  Probe  
  97  7:32  Probe  
  95  7:40  Observer, Robotics Bay, Probe (Chrono Boost)  
  95  7:42  Probe (Chrono Boost)  
  95  7:44  Probe (Chrono Boost)  
  101  7:53  Probe (Chrono Boost)  
  101  7:54  Probe (Chrono Boost)  
  101  7:55  Zealot x4  
  109  8:01  Probe  
  106  8:06  Probe  
  106  8:10  Probe  
  106  8:12  Pylon x2  
  108  8:13  Pylon x2  
  108  8:17  Probe  
  108  8:18  Pylon  
  108  8:19  Assimilator, Pylon  
  109  8:25  Colossus (Chrono Boost)  
  109  8:27  Pylon  
  109  8:28  Extended Thermal Lance, Assimilator  
  109  8:31  Shield Battery  
  109  8:33  Probe  
  116  8:35  Assimilator  
  116  8:36  Shield Battery, Probe  
  116  8:39  Probe  
  118  8:42  Forge  
  118  8:44  Forge  
  118  8:45  Probe  
  119  8:50  Pylon  
  119  8:54  Stalker x3  
  125  8:56  Stalker  
  127  9:05  Colossus (Chrono Boost), Probe  
  132  9:15  Protoss Ground Weapons Level 1 (Chrono Boost), Protoss Ground Armor Level 1 (Chrono Boost)  
  132  9:26  Observer  
  132  9:38  Nexus  
  132  9:45  Robotics Facility  
  132  9:50  Zealot x6  
  144  9:53  Pylon  
  144  9:54  Photon Cannon  
  144  9:56  Photon Cannon, Pylon  
  142  10:03  Zealot  
  126  10:09  Colossus (Chrono Boost)  
  126  10:12  Zealot x2  
  126  10:13  Zealot x3  
  112  10:34  Sentry x2  
  112  10:35  Probe  
  117  10:38  Zealot x4, Colossus (Chrono Boost)  
  117  10:40  Probe  
  132  10:44  Pylon  
  132  10:48  Gravitic Boosters  
  132  10:49  Probe  
  133  10:51  Probe  
  133  10:52  Probe  
  133  10:54  Probe  
  136  10:57  Pylon  
  136  11:00  Photon Cannon  
  136  11:01  Colossus (Chrono Boost)  
  136  11:02  Protoss Ground Weapons Level 2 (Chrono Boost)  
  142  11:12  Protoss Ground Armor Level 2 (Chrono Boost)  
  142  11:15  Zealot x5  
  142  11:17  Probe  
  153  11:20  Observer  
  154  11:25  Pylon  
  154  11:28  Gateway  
  154  11:31  Gateway  
  152  11:37  Zealot x2  
  152  11:38  Zealot x3  
  162  11:43  Zealot  
  162  11:45  Disruptor (Chrono Boost)  
  165  11:47  Disruptor (Chrono Boost)  
  165  11:52  Gateway  
  168  11:54  Zealot  
  168  11:58  Zealot x4  
  168  11:59  Zealot  
  178  12:04  Zealot  
  178  12:07  Photon Cannon  
  179  12:11  Photon Cannon  
  179  12:14  Pylon  
  179  12:17  Templar Archives  
  179  12:19  Disruptor (Chrono Boost)  
  179  12:22  Disruptor (Chrono Boost)  
  185  12:24  Zealot x3  
  185  12:25  Zealot  
  189  12:37  Zealot x5  
  189  12:42  Shield Battery  
  197  12:46  Zealot  
  197  12:50  Nexus  
  199  12:53  Pylon  
  197  13:05  Stalker x3  
  169  13:16  Zealot x6  
  169  13:19  Shield Battery  
  181  13:20  Disruptor (Chrono Boost)  
  181  13:21  Colossus (Chrono Boost)  
  181  13:23  Probe  
  181  13:28  Photon Cannon  
  181  13:29  Shield Battery  
  181  13:33  Zealot x3  
  181  13:50  Protoss Ground Armor Level 3 (Chrono Boost)  
  181  13:54  Disruptor  
  182  13:56  Zealot x2  
  182  13:57  Zealot x5  
  196  14:08  Disruptor  
  185  14:19  Zealot x7  
  185  14:23  High Templar x2  
  195  14:27  Archon  
  195  14:29  Disruptor  
  178  14:41  Zealot  
  178  14:42  Zealot x7  
  168  14:52  Disruptor  
  159  14:58  Zealot x2  
  153  15:00  Probe x2  
  153  15:02  Probe x2  
  153  15:04  Assimilator  
  153  15:05  Disruptor  
  160  15:13  Dark Shrine  
  160  15:22  Nexus  
  160  15:26  Observer, High Templar x9  
  160  15:27  Disruptor  
  181  15:28  Probe  
  181  15:29  Probe x4  
  184  15:41  Archon x3, Probe x4  
  184  15:42  Archon  
  188  15:46  Assimilator x2  
  189  15:50  Observer  
  189  15:54  Probe  
  189  15:55  Pylon  
  190  15:58  Pylon  
  190  16:10  Pylon  
  190  16:13  Disruptor  
  196  16:25  Pylon  
  178  16:35  Zealot x10  
Tags
 
Add a new tag
Caveats
  • Supply blocks, unpowered buildings, or Contaminate may cause inaccurate times.
  • Supply counts are checked every 10 seconds.